 Dungeon Crawl Stone Soup version 0.22-a0-284-g99d1f74 (webtiles) character file.

1430 inmateoo the Ducker (level 8, -2/90 HPs)
             Began as a Merfolk Ice Elementalist on Mar 21, 2018.
             Was a Follower of Kikubaaqudgha.
             Slain by a howler monkey (4 damage)
             ... on level 6 of the Dungeon.
             The game lasted 00:08:46 (3647 turns).

inmateoo the Ducker (Merfolk Ice Elementalist)      Turns: 3647, Time: 00:08:47

Health: -2/90      AC: 29    Str:  8    XL:     8   Next: 73%
Magic:  7/14       EV:  2    Int: 15    God:    Kikubaaqudgha [*.....]
Gold:   260        SH:  0    Dex: 21    Spells: 1/15 levels left

rFire    . . .     SeeInvis .   m - +3 whip (elec)
rCold    . . .     Gourm    .   (no shield)
rNeg     + + +     Faith    .   (armour currently unavailable)
rPois    +         Spirit   .   (helmet currently unavailable)
rElec    .         Reflect  .   (cloak currently unavailable)
rCorr    .         Harm     .   (gloves currently unavailable)
MR       +....     NoTele   +   (boots currently unavailable)
Stlth    +++.......             p - amulet of inaccuracy (curse)
HPRegen  0.25/turn              g - ring of protection from magic
MPRegen  0.14/turn              i - +5 ring of dexterity

@: icy armour, tree-form, slow
A: (change form in water), (swift swim), (stealthy swim)
a: Receive Corpses, Renounce Religion


You were on level 6 of the Dungeon.
You worshipped Kikubaaqudgha.
Kikubaaqudgha was aware of your devotion.
You were not hungry.
You were a tree.
You visited 1 branch of the dungeon, and saw 5 of its levels.

You collected 260 gold pieces.

Inventory:

Hand Weapons
 f - a +2 dagger of protection
 k - a cursed +0 scythe
 m - a +3 whip of electrocution (weapon)
Armour
 a - a +1 robe (melded)
 s - a +0 pair of gloves (melded)
Jewellery
 b - an uncursed amulet of the gourmand
 g - a ring of protection from magic (left branch)
 i - a +5 ring of dexterity (right branch)
 o - an uncursed ring of flight
 p - a cursed amulet of inaccuracy (around neck)
Wands
 h - a wand of clouds (4)
 q - a wand of polymorph (13)
Scrolls
 e - 3 scrolls of identify
 j - a scroll of enchant armour
 r - a scroll of fog {unknown}
Potions
 d - 2 potions of mutation
 l - a potion of brilliance
Comestibles
 c - 7 rations


   Skills:
 - Level 4.0 Fighting
 + Level 0.4 Maces & Flails
 - Level 6.0 Polearms
 - Level 7.2 Dodging
 - Level 4.1 Stealth
 - Level 4.0 Spellcasting
 - Level 0.7 Conjurations
 + Level 0.4 Necromancy
 - Level 6.0 Ice Magic


You had one spell level left.
You knew the following spells:

 Your Spells              Type           Power        Failure   Level  Hunger
a - Freeze                Ice            ###.         1%          1    None
b - Throw Frost           Conj/Ice       ##....       7%          2    ##.....
c - Ozocubu's Armour      Chrm/Ice       ##......     16%         3    ###....
d - Throw Icicle          Conj/Ice       ##......     41%         4    ####...
e - Summon Ice Beast      Ice/Summ       ##......     45%         4    ####...


Dungeon Overview and Level Annotations

Branches:
Dungeon (6/15)             Temple (0/1) D:5

Altars:
Kikubaaqudgha


Message History

Unknown command.
You closely miss the howler monkey.
The howler monkey is heavily wounded.
The howler monkey barely misses you.
You closely miss the howler monkey.
The howler monkey is heavily wounded.
The howler monkey hits you but does no damage.
You hit the howler monkey.
The howler monkey is heavily wounded.
The howler monkey hoots and howls with incredible vigour!
The howler monkey hits you but does no damage.
You completely miss the howler monkey.
The howler monkey is heavily wounded.
The howler monkey hits you.
* * * LOW HITPOINT WARNING * * *
You hit the howler monkey.
The howler monkey is heavily wounded.
The howler monkey hits you.
You die...
Kikubaaqudgha rasps: "You have failed me!
Welcome... death!"

#........#
#..#
.........#
##.##
........##
#..#
........#
##.##
........#
#..# ###
##.## ...#
#..# .>...
##h#......
#♣.......
##.......
.......
##.....
##... ###


You could see a howler monkey.

Vanquished Creatures
  Sigmund (D:4)
  Menkaure (D:4)
  An ice beast (D:5)
  An ogre (D:4)
  2 centaurs (D:5)
  A bullfrog (D:6)
  5 howler monkeys
  A crimson imp (D:5)
  4 orc priests
  A jelly (D:5)
  2 orc wizards (D:5)
  4 iguanas
  A worker ant (D:6)
  3 adders
  A howler monkey skeleton (D:4)
  A shadow imp (D:5)
  2 oozes
  A worm (D:5)
  2 dart slugs
  4 leopard geckos
  14 orcs
  2 ball pythons (D:2)
  6 bats
  A bat zombie (D:4)
  2 giant cockroaches (D:1)
  9 goblins
  4 hobgoblins
  5 jackals
  A quokka (D:4)
  8 frilled lizards
  A jackal skeleton (D:4)
  7 kobolds
  A leopard gecko skeleton (D:4)
  4 rats
  2 rat zombies (D:4)
106 creatures vanquished.

Vanquished Creatures (collateral kills)
  A sky beast (D:5)
1 creature vanquished.

Grand Total: 107 creatures vanquished

Notes
Turn   | Place    | Note
-------+----------+-------------------------------------------
     0 | D:1      | inmateoo the Merfolk Ice Elementalist began the quest for the Orb.
     0 | D:1      | Reached XP level 1. HP: 13/13 MP: 3/3
   204 | D:1      | Reached XP level 2. HP: 6/19 MP: 0/5
   587 | D:1      | Learned a level 2 spell: Throw Frost
   742 | D:1      | Reached XP level 3. HP: 23/24 MP: 0/6
  1102 | D:1      | Learned a level 3 spell: Ozocubu's Armour
  1138 | D:2      | Reached skill level 5 in Ice Magic
  1258 | D:2      | Reached XP level 4. HP: 30/30 MP: 5/7
  1447 | D:2      | You fall through a shaft for 2 floors!
  1506 | D:4      | Reached XP level 5. HP: 33/35 MP: 4/8
  1553 | D:4      | Noticed Sigmund
  1562 | D:4      | Killed Sigmund
  1562 | D:4      | Reached XP level 6. HP: 41/41 MP: 1/10
  1760 | D:4      | Reached skill level 1 in Polearms
  1760 | D:4      | Reached skill level 3 in Dodging
  1914 | D:4      | Reached skill level 1 in Fighting
  1923 | D:4      | Found an ancient bone altar of Kikubaaqudgha.
  1934 | D:4      | Became a worshipper of Kikubaaqudgha
  2009 | D:4      | Noticed Menkaure
  2059 | D:4      | Killed Menkaure
  2059 | D:4      | Reached XP level 7. HP: 33/49 MP: 7/12
  2413 | D:5      | Entered Level 5 of the Dungeon
  2448 | D:5      | Reached skill level 4 in Dodging
  2629 | D:5      | Reached XP level 8. HP: 46/58 MP: 8/14
  2638 | D:5      | Reached skill level 5 in Dodging
  2838 | D:5      | Found a staircase to the Ecumenical Temple.
  2858 | D:5      | Reached * piety under Kikubaaqudgha
  2858 | D:5      | Identified Kikubaaqudgha's Tome of Black Magic (Kikubaaqudgha gifted it to you on level 5 of the Dungeon)
  2858 | D:5      | Received a gift from Kikubaaqudgha
  2868 | D:5      | Learned a level 4 spell: Throw Icicle
  2873 | D:5      | Learned a level 4 spell: Summon Ice Beast
  2917 | D:5      | Reached skill level 5 in Polearms
  3259 | D:5      | Reached skill level 6 in Dodging
  3620 | D:6      | Reached skill level 7 in Dodging
  3632 | D:6      | HP: 3/90 [howler monkey (5)]
  3640 | D:6      | HP: 3/90 [poisoned by a worker ant]
  3646 | D:6      | HP: 2/90 [howler monkey (3)]
  3647 | D:6      | Slain by a howler monkey

Vault maps used:
D:1:      lemuel_arrival_rhombus
D:2:      grunt_temple_overflow_cloverleaf, first_ration,
          minmay_item_behind_shaft, minmay_goblin_outpost
D:4:      lemuel_zombie_altar_kikubaaqudgha, uniq_menkaure, uniq_sigmund
D:5:      temple_green

Skill      XL: |  1  2  3  4  5  6  7  8 |
---------------+-------------------------+-----
Ice Magic      | 4 5 6 |  6.0
Stealth        | 3 4 |  4.1
Spellcasting   | 3 4 |  4.0
Polearms       | 2 4 6 |  6.0
Dodging        | 3 4 7 |  7.2
Fighting       | 1 3 4 |  4.0
Maces & Flails | |  0.4
Conjurations   | |  0.7
Necromancy     | |  0.4

Action                   |  1- 3 |  4- 6 |  7- 9 || total
-------------------------+-------+-------+-------++-------
Melee: Unarmed           |    25 |       |       ||    25
       Dagger            |    14 |    40 |       ||    54
       Whip              |       |     3 |   119 ||   122
 Cast: Freeze            |    49 |    35 |    55 ||   139
       Ozocubu's Armour  |       |     2 |    11 ||    13
       Throw Frost       |       |       |     2 ||     2
       Summon Ice Beast  |       |       |     1 ||     1
  Use: Scroll            |       |     1 |     7 ||     8
       Potion            |       |       |     2 ||     2
 Stab: Sleeping          |       |     1 |     2 ||     3
  Eat: Chunk             |    10 |     2 |     3 ||    15
Armor: Robe              |    23 |    17 |    30 ||    70
       Skin              |       |       |    36 ||    36
Dodge: Dodged            |    68 |    46 |   117 ||   231

Table legend:
 A = Spawn XP
 B = Non-spawn XP
 C = Spawn XP percentage of total XP
 D = Spawn monster count
 E = Non-spawn monster count
 F = Spawn count percentage of total count
 G = Total turns spent on level
                    A         B        C        D         E        F      G
               +---------+---------+-------+---------+---------+-------+---------
         Total |       0 |    2043 |   0.0 |       0 |     107 |   0.0 |  3647
               +---------+---------+-------+---------+---------+-------+---------
           D:1 |       0 |      55 |   0.0 |       0 |      29 |   0.0 |  1130
           D:2 |       0 |      52 |   0.0 |       0 |      19 |   0.0 |   317
           D:4 |       0 |     662 |   0.0 |       0 |      20 |   0.0 |   966
           D:5 |       0 |    1007 |   0.0 |       0 |      30 |   0.0 |  1098
           D:6 |       0 |     267 |   0.0 |       0 |       9 |   0.0 |   136
               +---------+---------+-------+---------+---------+-------+---------
